 Dungeon Crawl Stone Soup version 0.27-a0-379-g34d631faf5 (webtiles) character file.

Game seed: 18154901339308394412

567425 EldarEldrad the Conqueror (level 26, -4/266 HPs)
             Began as a Minotaur Berserker on Feb 17, 2021.
             Was the Champion of Trog.
             Killed by divine providence
             ... invoked by a royal mummy
              (16 damage)
             ... on level 1 of the Tomb of the Ancients on Feb 18, 2021.
             The game lasted 05:05:49 (62834 turns).

EldarEldrad the Conqueror (Minotaur Berserker)     Turns: 62834, Time: 05:06:02

Health: -4/266     AC: 40    Str: 27    XL:     26   Next: 3%
Magic:  22/22      EV: 22    Int:  6    God:    Trog [******]
Gold:   3295       SH: 25    Dex: 17    Spells: 25/25 levels left

rFire    + + .     SeeInvis +   a - +14 obsidian axe {vorpal, *Drain +Fly SInv}
rCold    + . .     Faith    .   X - +4 kite shield of Ymaobbei {rC+ rCorr}
rNeg     + + .     Spirit   .   V - +9 plate armour of Trumpets {*Drain rN++ Will+ Int+4}
rPois    +         Reflect  +   (helmet restricted)
rElec    +         Harm     .   I - +2 cloak {rPois}
rCorr    +         Rampage  .   w - +1 pair of gloves "Tota" {+Inv Dex+4}
Will     +++++                  g - +2 pair of boots of Inviolability {rElec rF+ Str-4}
Stlth    ..........             R - amulet of reflection
HPRegen  1.54/turn              z - ring "Gofeasch" {Wiz rPois rF+ Dex+2}
MPRegen  0.18/turn              i - ring of willpower

@: about to teleport, mesmerised, regenerating, studying 3 skills
A: retaliatory headbutt, horns 2, clumsy 1, dopey 1
}: 2/15 runes: decaying, gossamer
a: Renounce Religion, Evoke Invisibility, Evoke Flight, Berserk, Trog's Hand,
Brothers in Arms


You were on level 1 of the Tomb of the Ancients.
You worshipped Trog.
Trog was exalted by your worship.
You visited 11 branches of the dungeon, and saw 48 of its levels.
You visited the Abyss 1 time.
You also visited: Gauntlet and Desolation.

You collected 7819 gold pieces.
You spent 4524 gold pieces at shops.

Inventory:

Hand Weapons
 a - the +14 obsidian axe (weapon) {vorpal, *Drain +Fly SInv}
   (Trog gifted it to you on level 3 of the Elven Halls)

   It inflicts extra damage upon your enemies.
   It lets you see invisible.
   It lets you fly.
   It causes draining when unequipped.
 b - a +6 war axe of flaming
Armour
 g - the +2 pair of boots of Inviolability (worn) {rElec rF+ Str-4}
   (You acquired it on level 6 of the Dungeon)

   It affects your strength (-4).
   It protects you from fire.
   It insulates you from electricity.
 w - the +1 pair of gloves "Tota" (worn) {+Inv Dex+4}
   (You bought it in a shop on level 2 of the Vaults)

   It affects your dexterity (+4).
   It lets you turn invisible.
 I - a +2 cloak of poison resistance (worn)
 V - the +9 plate armour of Trumpets (worn) {*Drain rN++ Will+ Int+4}
   (You found it on level 13 of the Dungeon)

   It affects your intelligence (+4).
   It greatly protects you from negative energy.
   It affects your willpower, your defense against some magical effects.
   It causes draining when unequipped.
 X - the +4 kite shield of Ymaobbei (worn) {rC+ rCorr}
   (You acquired it on level 2 of the Spider Nest)

   It protects you from cold.
   It provides partial protection from all sources of acid and corrosion.
Jewellery
 i - a ring of willpower (right hand)
 p - a ring of protection from fire
 y - a ring of positive energy
 z - the ring "Gofeasch" (left hand) {Wiz rPois rF+ Dex+2}
   (You took it off a deep elf annihilator on level 3 of the Elven Halls)

   [ring of wizardry]

   It improves your spell success rate.
   It affects your dexterity (+2).
   It protects you from fire.
   It protects you from poison.
 J - an amulet of regeneration
 M - a ring of protection from cold
 R - an amulet of reflection (around neck)
 Z - the ring "Puggistri" {rPois rF- rC+++ rN+ Str-4}
   (You found it on level 3 of the Crypt)

   [ring of positive energy]

   It affects your strength (-4).
   It makes you vulnerable to fire.
   It renders you almost immune to cold.
   It protects you from poison.
   It protects you from negative energy.
Wands
 d - a wand of flame (98)
 n - a wand of polymorph (18)
 t - a wand of charming (42)
 A - a wand of mindburst (52)
 G - a wand of iceblast (11)
 L - a wand of paralysis (15)
 O - a wand of digging (14)
 W - a wand of acid (29)
Scrolls
 c - 30 scrolls of teleportation
 k - 9 scrolls of fog
 l - 8 scrolls of noise
 o - a scroll of brand weapon
 r - 7 scrolls of immolation
 u - 12 scrolls of enchant weapon
 v - a scroll of summoning
 x - 8 scrolls of blinking
 N - 8 scrolls of magic mapping
 P - 10 scrolls of enchant armour
 Q - 6 scrolls of fear
 T - 4 scrolls of holy word
 U - 2 scrolls of identify
Potions
 e - 11 potions of might
 f - 32 potions of curing
 j - 4 potions of mutation
 m - 5 potions of berserk rage
 q - 4 potions of lignification
 s - 14 potions of ambrosia
 B - 3 potions of magic
 C - 13 potions of attraction
 D - 10 potions of flight
 E - 12 potions of heal wounds
 F - 2 potions of resistance
 H - 6 potions of invisibility
 S - 6 potions of haste
 Y - 4 potions of cancellation
Miscellaneous
 h - a box of beasts
 K - a lightning rod (4/4)


   Skills:
 O Level 27 Fighting
 - Level 20.0 Axes
 * Level 22.9 Armour
 - Level 22.0 Dodging
 + Level 18.6 Shields
 - Level 15.0 Evocations


You had 25 spell levels left.
You didn't know any spells.
Your spell library was empty.

Dungeon Overview and Level Annotations

Branches:
Dungeon (15/15)            Temple (1/1) D:4            Lair (6/6) D:11
  Swamp (4/4) Lair:3       Spider (4/4) Lair:3        Slime (0/5) Lair:6
    Orc (2/2) D:9             Elf (3/3) Orc:2        Vaults (4/5) D:14
  Crypt (3/3) Vaults:2       Tomb (1/3) Crypt:3      Depths (5/5) D:15
    Zot (0/5) Depths:5    Desolation (visited)      Gauntlet (visited)

Altars:
Ashenzari
Cheibriados
Dithmenos
Elyvilon
Fedhas
Gozag
Hepliaklqana
Kikubaaqudgha
Makhleb
Nemelex Xobeh
Okawaru
Qazlal
Ru
Sif Muna
Trog
Uskayaw
Vehumet
Wu Jian
Xom
Yredelemnul
Zin
The Shining One
Beogh
Jiyva

Shops:
D:4 *   D:8 =   D:14 *   D:15 *   Orc:2 *[=(   Elf:1 ==((   Elf:3 :=!:
Vaults:1 *   Vaults:2 ([[(   Vaults:3 ?   Depths:2 *   Depths:3 :

Portals:
Hell: Depths:1 Depths:2 Depths:3 Depths:4 Depths:5
Abyss: Spider:2 Depths:4
Pandemonium: Depths:3 Depths:4 Depths:5
Ziggurat: Depths:2

Annotations:
Spider:2 2 transporters, Haagol's ghost, journeyman DsFi


Innate Abilities, Weirdness & Mutations

You reflexively headbutt those who attack you in melee.
You have a pair of horns on your head.
You are clumsy. (Dex -2)
You are dopey. (Int -2)


Message History

The mummy priest calls on the powers of darkness!
Your body is wracked with pain!
* * * LOW HITPOINT WARNING * * *
The freezing wraith hits your soul eater but does no damage.
The freezing wraith barely misses your soul eater.
The death scarab bites your soul eater.
The death scarab drains your soul eater's vigour!
Your soul eater seems to slow down.
The mummy priest utters an invocation to its god.
You feel much better.
Visions of slaying the emperor scorpion simulacrum flood into your mind.
You block the death scarab's attack.
The death scarab closely misses your soul eater.
You block the death scarab's attack. The death scarab bites your soul eater.
The death scarab drains your soul eater's vigour!
Your soul eater seems to slow down.
The mummy priest hits your soul eater but does no damage.
Your soul eater hits the death scarab!
You block the emperor scorpion simulacrum's attack.
The emperor scorpion simulacrum claws you.
* * * LOW HITPOINT WARNING * * *
The emperor scorpion simulacrum freezes you!
You resist.
* * * LOW HITPOINT WARNING * * *
The emperor scorpion simulacrum claws you but does no damage.
The death scarab waves its antennae.
The death scarab bites you.
* * * LOW HITPOINT WARNING * * *
You block the death scarab's attack.
The freezing wraith hits your soul eater but does no damage.
The freezing wraith hits your soul eater.
The freezing wraith drains your soul eater's vigour!
Your soul eater seems to slow down.
The death scarab bites your soul eater.
The mummy priest mumbles some strange prayers to its god against you.
Something smites you!
* * * LOW HITPOINT WARNING * * *
The royal mummy casts a spell at you. Something smites you!
You die...

#..........................
#..###########.............
#..#^.......^#.............
#..#.######..#.............
#..#.#...##..#^.....^.....^
#..#.#.#^.#..#.............
#..#..^#.=#..#.............
#..########..#.........
#............#@B.......
#............#BZ3^.....
##############MWBM.....
BMWZ...3.. MW.....4..
##...^..M.. #........
#........


You could see a royal mummy, 4 mummy priests, a phantasmal warrior (summoned), a
rust devil (summoned), 2 freezing wraiths, a smoke demon (summoned), 4 death
scarabs, an emperor scorpion simulacrum (summoned, mesmerising), a black mamba
skeleton (summoned) and a friendly soul eater (summoned, slow).

Vanquished Creatures
  Mara (Crypt:2)
  An ancient lich (Crypt:3)
  A juggernaut (Depths:4)
  Mennas (Depths:4)
  Sojobo (Crypt:3)
  A curse toe (Crypt:3)
  Saint Roka (Crypt:2)
  4 caustic shrikes
  Xtahua (Depths:4)
  Nikola (Depths:1)
  3 golden dragons
  the Enchantress (Depths:3)
  2 bone dragons
  Jorgrun (Orc:2)
  The ghost of Qeott the Genius of the Arcane, an adept GnCj of Sif Muna (Vaults:2)
  3 tentacled monstrosities
  Rupert (D:14)
  12 liches
  2 deep elf master archers (Elf:3)
  A titan (Depths:4)
  3 acid blobs (Depths:5)
  3 deep elf blademasters
  13 sphinxes
  5 ancient champions
  Frances (Elf:1)
  8 tengu reavers
  4 thorn hunters
  Kirke (D:15)
  2 shadow dragons (Depths:2)
  2 revenants (Tomb:1)
  An azure jelly (Depths:5)
  Roxanne (Swamp:1)
  A fenstrider witch (Swamp:2)
  3 storm dragons
  9 fire giants
  An imperial myrmidon (Desolation)
  9 frost giants
  3 vault wardens
  6 deep elf sorcerers
  2 draconian scorchers (Depths:5)
  3 orc warlords
  Aizul (Vaults:3)
  6 ghouls
  A ghost moth (Spider:4)
  12 ironheart preservers
  2 reapers
  4 deep elf elementalists
  2 curse skulls
  7 emperor scorpions
  A caustic shrike skeleton (Depths:2)
  5 stone giants
  18 very ugly things
  3 spriggan defenders
  2 juggernaut skeletons (Depths:2)
  3 green draconians (Depths:5)
  11 deep elf annihilators
  4 deep elf demonologists
  2 entropy weavers
  3 bunyips
  A black draconian (Depths:5)
  6 dire elephants
  8 vampire knights
  3 halazid warlocks (Desolation)
  12 spark wasps
  A minotaur (Gauntlet)
  2 crystal guardians (Desolation)
  4 ettins
  10 deep elf death magi
  3 eidola
  Snorg (Lair:5)
  7 jiangshi
  3 death oozes (Depths:5)
  4 mummy priests (Tomb:1)
  4 merfolk impalers
  6 eleionomae
  Josephine (Lair:4)
  13 yaktaur captains
  6 great orbs of eyes
  14 fire dragons
  6 ragged hierophants
  A spectral tengu (Vaults:2)
  8 deep elf high priests
  6 vault guards
  Fannar (D:10)
  7 servants of whispers (Desolation)
  5 peacekeepers (Desolation)
  10 ogre magi
  11 boulder beetles
  5 spriggan air magi
  4 rakshasas
  A ghost crab (Swamp:2)
  11 ice dragons
  22 hydras
  A spectral fire giant (Vaults:2)
  A catoblepas (Gauntlet)
  3 alligators
  A catoblepas (shapeshifter) (Depths:5)
  4 death knights
  A fenstrider witch skeleton (Crypt:3)
  16 dancing weapons
  11 deep troll shamans
  8 death scarabs (Spider:4)
  2 satyrs (Depths:3)
  A spectral stone giant (Vaults:2)
  16 centaur warriors
  A spectral frost giant (Vaults:2)
  27 two-headed ogres
  An anaconda (Lair:6)
  Urug (Orc:2)
  8 deep troll earth magi
  3 tengu warriors
  4 vampire magi
  7 spriggan berserkers
  7 orc high priests
  2 soul eaters (Depths:2)
  A spectral storm dragon (Vaults:2)
  2 titan skeletons
  8 hell knights
  A storm dragon zombie (Crypt:2)
  Sonja (Lair:2)
  2 wretched stars (Abyss:2)
  21 deep elf knights
  2 iron trolls
  A spatial maelstrom (Abyss:2)
  4 shadow wraiths
  30 skeletal warriors
  A death drake (Abyss:2)
  A golden dragon zombie (Crypt:1)
  A glowing orange brain (Depths:5)
  6 spriggan druids
  5 unseen horrors
  A swamp dragon (shapeshifter) (Vaults:1)
  2 golden dragon skeletons
  A bunyip skeleton (Crypt:3)
  4 goliath frogs
  23 deep trolls
  10 flayed ghosts
  An obsidian statue (Gauntlet)
  A sphinx zombie (Depths:2)
  13 deep elf archers
  8 bog bodies
  11 swamp dragons
  16 ironbrand convokers
  A tengu zombie (Depths:2)
  8 necromancers
  8 wizards
  38 deep elf pyromancers
  A harpy (shapeshifter) (Vaults:2)
  2 wolf spider zombies (Spider:4)
  10 orc knights
  A shadow dragon zombie (Depths:2)
  29 deep elf zephyrmancers
  11 phantasmal warriors
  53 ugly things
  2 shining eyes (Depths:2)
  The ghost of highc0 the Jinx, a novice DEEn of Sif Muna (D:9)
  22 wolf spiders
  23 orb spiders
  3 tengu skeletons
  5 manticores
  4 spectral wolf spiders (Spider:4)
  An iron dragon zombie (Depths:2)
  2 shadow dragon skeletons (Depths:2)
  A salamander (Depths:4)
  2 iron dragon skeletons (Depths:2)
  A stone giant zombie (Tomb:1)
  2 will-o-the-wisps
  8 orc sorcerers
  5 fauns (Depths:3)
  A worldbinder (Abyss:2)
  An oklob plant (Lair:2)
  2 moths of wrath
  21 cyclopes
  4 fire giant skeletons
  A sphinx skeleton (Depths:2)
  5 guardian serpents (Desolation)
  A rust devil (Depths:5)
  4 black mambas
  5 frost giant skeletons (Depths:2)
  2 water nymphs (Depths:3)
  A stone giant skeleton (Depths:2)
  A manticore (shapeshifter) (Vaults:3)
  A black mamba (shapeshifter) (Vaults:3)
  A storm dragon simulacrum (Vaults:2)
  13 vault sentinels
  A molten gargoyle (Desolation)
  An ice statue (D:13)
  5 smoke demons
  An apocalypse crab (Abyss:2)
  An eleionoma skeleton (Crypt:2)
  4 torpor snails
  13 elephants
  A gargoyle (Gauntlet)
  11 cane toads
  6 spriggan skeletons (Depths:2)
  Maggie (D:8)
  A redback zombie (Spider:4)
  3 rime drakes
  4 large abominations (Abyss:2)
  An orange demon (Abyss:2)
  3 minotaur zombies (Gauntlet)
  11 komodo dragons
  A spectral glowing shapeshifter (Vaults:2)
  9 freezing wraiths
  3 spectral redbacks (Spider:4)
  3 kobold demonologists (D:13)
  A spriggan zombie (Depths:2)
  An efreet (Abyss:2)
  3 tengu conjurers
  65 yaktaurs
  A catoblepas skeleton (Crypt:2)
  2 ancient zymes (Abyss:2)
  11 demonic crawlers
  A rime drake (shapeshifter) (Depths:1)
  An ice devil (Depths:1)
  2 human skeletons (Vaults:2)
  2 guardian mummies (Tomb:1)
  A red devil (Gauntlet)
  A queen ant zombie (Crypt:3)
  47 jumping spiders
  A hydra zombie (Crypt:3)
  3 bloated husks
  A meliai (shapeshifter) (Depths:2)
  A hellwing (Abyss:2)
  A queen bee (Depths:4)
  9 trolls
  4 polar bears
  7 tyrant leeches
  22 hornets
  A raiju (shapeshifter) (Depths:1)
  A harpy skeleton (D:11)
  60 saltlings
  A shadow dragon simulacrum (Crypt:2)
  4 spectral tarantellas (Spider:4)
  A hornet (shapeshifter) (Depths:3)
  20 blink frogs
  3 spectral jumping spiders (Spider:4)
  Prince Ribbit (Lair:3)
  A wolf spider simulacrum (Vaults:1)
  4 raiju (Abyss:2)
  A sphinx simulacrum (Vaults:2)
  A boulder beetle zombie (Vaults:2)
  A dream sheep (shapeshifter) (Depths:4)
  2 fire giant simulacra
  A snapping turtle (shapeshifter) (Depths:5)
  11 slime creatures
  A guardian serpent skeleton (Crypt:2)
  A frost giant simulacrum (Crypt:3)
  3 stone giant simulacra
  12 flying skulls
  A satyr zombie (Crypt:1)
  A vampire (D:14)
  2 shadows
  A tarantella (shapeshifter) (Vaults:1)
  An ettin skeleton (Depths:2)
  64 redbacks
  16 water elementals
  3 air elementals
  4 wyverns
  A spriggan (shapeshifter) (Depths:3)
  2 ynoxinuls (Abyss:2)
  4 hogs (D:15)
  37 tarantellas
  17 wraiths
  2 ushabtiu (Tomb:1)
  8 spriggans
  6 basilisks
  44 yaks
  Eustachio (D:4)
  3 fire elementals
  A human (shapeshifter) (Vaults:1)
  21 humans (D:14)
  3 vampire mosquitoes (D:12)
  2 harpy simulacra
  16 swamp worms
  8 wargs
  A glowing shapeshifter zombie (Crypt:3)
  A soldier ant (D:11)
  3 acid dragons
  A spectral hornet (Spider:4)
  19 water moccasins
  A floating eye (Depths:2)
  A hydra simulacrum (Crypt:3)
  3 sky beasts
  2 eyes of draining
  A hornet zombie (D:9)
  4 black bears
  6 swamp drakes (Swamp:4)
  An ettin simulacrum (Vaults:2)
  9 ice beasts
  A black bear (shapeshifter) (Depths:4)
  6 necrophages
  63 orc warriors
  33 ogres
  4 boggarts (Vaults:2)
  A snapping turtle skeleton (Crypt:1)
  30 wolves
  A wolf (shapeshifter) (Depths:4)
  An ogre (shapeshifter) (Depths:4)
  34 centaurs
  A manticore skeleton (Crypt:1)
  5 phantoms
  Blork the orc (D:5)
  A dream sheep skeleton (Crypt:1)
  4 kobold brigands
  26 bullfrogs
  2 small abominations (Abyss:2)
  A cyclops zombie (Crypt:2)
  2 gnoll sergeants
  A water moccasin zombie (D:7)
  2 wyvern skeletons
  2 earth elementals
  3 glowing shapeshifter simulacra
  A scorpion (D:3)
  20 killer bees
  An electric eel (D:15)
  18 wights
  4 howler monkeys
  3 crimson imps (Gauntlet)
  A soldier ant zombie (Crypt:1)
  A yaktaur simulacrum (Vaults:1)
  4 bullfrog zombies
  4 centaur zombies
  7 jellies
  2 quasits
  Crazy Yiuf (D:2)
  8 hounds
  3 bullfrog skeletons
  33 orc priests
  8 iguanas
  6 centaur skeletons
  Terence (D:3)
  7 hell rats (Lair:3)
  30 orc wizards
  7 worker ants
  A killer bee zombie (D:5)
  A demigod skeleton (Crypt:3)
  2 hound zombies (D:11)
  A naga skeleton (Crypt:1)
  4 hound skeletons
  6 mummies (Tomb:1)
  A worker ant zombie (D:9)
  A howler monkey skeleton (D:5)
  7 gnolls
  19 adders
  A swamp drake zombie (Crypt:1)
  4 shadow imps
  7 white imps
  4 ufetubi
  6 oozes
  2 adder skeletons
  6 worms
  A barachi skeleton (Crypt:2)
  A dart slug (D:1)
  5 leopard geckos
  96 orcs
  3 ball pythons
  7 bats
  7 giant cockroaches
  11 hobgoblins
  11 jackals
  13 quokkas
  A ball python zombie (D:5)
  8 frilled lizards
  8 goblins
  2 jackal zombies
  16 kobolds
  A leopard gecko skeleton (D:6)
  2 quokka zombies (D:5)
  11 rats
  A river rat skeleton (Crypt:3)
  4 briar patches (Swamp:3)
2429 creatures vanquished.

Vanquished Creatures (collateral kills)
  A sphinx (Tomb:1)
  A revenant (Crypt:1)
  A deep elf elementalist (Elf:3)
  2 ghouls
  2 juggernaut skeletons
  A vampire knight (Crypt:2)
  A deep elf death mage (Elf:3)
  A jiangshi (Crypt:2)
  A deep elf high priest (Elf:3)
  A hydra (Swamp:2)
  A death knight (Crypt:2)
  2 deep troll earth magi (Depths:4)
  A shadow wraith (Crypt:3)
  A titan skeleton (Crypt:3)
  An entropy weaver zombie (Crypt:3)
  2 skeletal warriors (Crypt:3)
  A spectral wolf spider (Spider:4)
  2 necromancers
  A phantasmal warrior (Crypt:3)
  An iron giant skeleton (Crypt:1)
  A deep elf zephyrmancer (Elf:3)
  An iron dragon zombie (Crypt:2)
  An eleionoma skeleton (Crypt:2)
  A stone giant skeleton (Crypt:3)
  A demonic crawler (Spider:4)
  A freezing wraith (Crypt:2)
  A spectral jumping spider (Spider:4)
  2 flying skulls (Crypt:2)
  A shock serpent simulacrum (Crypt:2)
  An ettin skeleton (Crypt:2)
  2 ushabtiu (Tomb:1)
  A wraith (Crypt:2)
  A blink frog skeleton (Crypt:1)
  A mummy (Tomb:1)
  A swamp drake zombie (Crypt:2)
42 creatures vanquished.

Vanquished Creatures (others)
  2 fire giants
  A hydra (Swamp:3)
  A spriggan berserker (Depths:5)
  A spriggan (Swamp:2)
  2 deep elf knights (Elf:2)
  A goliath frog (Swamp:1)
  A wizard (Gauntlet)
  An ironbrand convoker (Desolation)
  2 deep elf zephyrmancers
  A black mamba (shapeshifter) (Depths:1)
  A hornet (Swamp:2)
  3 bloated husks
  3 saltlings (Desolation)
  An orc warrior (Orc:2)
  A sky beast (D:13)
  2 orcs (Orc:2)
  76 fungi
  121 plants
  9 withered plants (Crypt:3)
230 creatures vanquished.

Grand Total: 2701 creatures vanquished

Notes
Turn   | Place    | Note
-------+----------+-------------------------------------------
     0 | D:1      | EldarEldrad the Minotaur Berserker began the quest for the
                  | Orb.
     0 | D:1      | Reached XP level 1. HP: 19/19 MP: 0/0
   147 | D:1      | Found a sparkling altar of Nemelex Xobeh.
   306 | D:1      | Reached XP level 2. HP: 25/26 MP: 1/1
   497 | D:1      | Reached ** piety under Trog
   498 | D:1      | Reached skill level 5 in Axes
   704 | D:1      | Reached XP level 3. HP: 31/31 MP: 2/2
  1278 | D:2      | Reached XP level 4. HP: 39/39 MP: 3/3
  1596 | D:2      | Found a sparkling altar of Nemelex Xobeh.
  1908 | D:2      | Found a runed translucent door.
  1909 | D:2      | Noticed Crazy Yiuf
  1916 | D:2      | Killed Crazy Yiuf
  1917 | D:2      | Reached XP level 5. HP: 45/45 MP: 4/4
  2342 | D:3      | Found a sacrificial altar of Ru.
  2437 | D:3      | Noticed Terence
  2448 | D:3      | Killed Terence
  2449 | D:3      | Reached XP level 6. HP: 51/51 MP: 5/5
  2549 | D:3      | Reached *** piety under Trog
  3154 | D:3      | Found a shadowy altar of Dithmenos.
  3703 | D:4      | Found a broken altar of Ashenzari.
  3725 | D:4      | Found a staircase to the Ecumenical Temple.
  3941 | D:4      | Noticed Eustachio
  3949 | D:4      | Killed Eustachio
  3950 | D:4      | Reached XP level 7. HP: 43/57 MP: 6/6
  4249 | D:4      | Found Nasiurosua's General Store.
  4249 | D:4      | You fall into a shaft and drop 3 floors!
  4262 | D:7      | Reached skill level 10 in Axes
  4675 | D:7      | Reached **** piety under Trog
  4860 | D:7      | Reached XP level 8. HP: 38/64 MP: 7/7
  5070 | D:6      | Found Ephixoar's Distillery.
  5342 | D:5      | Entered Level 5 of the Dungeon
  5395 | D:4      | Bought a scroll of blinking for 75 gold pieces
  5594 | Temple   | Entered the Ecumenical Temple
  5897 | D:5      | Found a hide-covered altar of Uskayaw.
  5897 | D:5      | Found a shimmering blue altar of Sif Muna.
  5905 | D:5      | Found a broken altar of Ashenzari.
  5907 | D:5      | Found a faded altar of an unknown god.
  5911 | D:5      | Found a glowing silver altar of Zin.
  6011 | D:5      | Noticed Blork the orc
  6020 | D:5      | Killed Blork the orc
  6089 | D:5      | Reached skill level 4 in Fighting
  6303 | D:5      | Found an ornate altar of the Wu Jian Council.
  6662 | D:6      | Reached skill level 5 in Fighting
  6901 | D:6      | Bought 2 potions of attraction for 84 gold pieces
  6901 | D:6      | Bought a potion of flight for 42 gold pieces
  6901 | D:6      | Bought a potion of heal wounds for 70 gold pieces
  6901 | D:6      | Bought a potion of resistance for 140 gold pieces
  6905 | D:6      | Identified a scroll of acquirement
  6906 | D:6      | Acquired the +2 pair of boots of Inviolability {rElec rF+
                  | Str-4}
  7013 | D:7      | Reached XP level 9. HP: 74/74 MP: 8/8
  7130 | D:7      | Found an iron altar of Okawaru.
  7442 | D:8      | Reached skill level 5 in Armour
  7447 | D:8      | Noticed Maggie
  7458 | D:8      | Reached ***** piety under Trog
  7462 | D:8      | Killed Maggie
  8040 | D:8      | Found Xatywen's Jewellery Shoppe.
  8116 | D:9      | Found a transporter.
  8143 | D:9      | Noticed highc0's ghost (novice DEEn)
  8197 | D:9      | Found a staircase to the Orcish Mines.
  8200 | D:9      | Found a transporter.
  8215 | D:9      | Reached skill level 1 in Evocations
  8481 | D:9      | Reached XP level 10. HP: 80/81 MP: 9/9
  8652 | D:9      | Killed highc0's ghost
  8729 | D:10     | Entered Level 10 of the Dungeon
  8730 | D:10     | Noticed an unseen horror
  8739 | D:10     | Killed an unseen horror
  8740 | D:10     | Reached skill level 10 in Armour
  8822 | D:10     | Noticed an unseen horror
  8845 | D:10     | Killed an unseen horror
  8946 | D:10     | Noticed Fannar
  8965 | D:10     | Killed Fannar
  9137 | D:10     | Noticed an unseen horror
  9143 | D:10     | Killed an unseen horror
  9445 | D:10     | Reached skill level 5 in Evocations
  9523 | D:10     | Received a gift from Trog
 10024 | D:11     | Noticed a manticore
 10028 | D:11     | Noticed a centaur warrior
 10042 | D:11     | Killed a centaur warrior
 10043 | D:11     | Reached skill level 6 in Fighting
 10043 | D:11     | Reached XP level 11. HP: 51/89 MP: 10/10
 10204 | D:11     | Noticed a centaur warrior
 10221 | D:11     | Killed a centaur warrior
 10222 | D:11     | Reached skill level 7 in Fighting
 10405 | D:11     | Noticed a storm dragon
 10409 | D:11     | Noticed a seven-headed hydra
 10410 | D:11     | Noticed a skeletal warrior
 10658 | D:11     | Reached skill level 1 in Shields
 10753 | D:11     | Reached skill level 8 in Fighting
 11113 | D:11     | Found a staircase to the Lair.
 11197 | D:11     | Noticed a death knight
 11208 | D:11     | Reached skill level 5 in Shields
 11220 | D:11     | Killed a death knight
 11221 | D:11     | Reached skill level 15 in Axes
 11482 | D:11     | Killed a seven-headed hydra
 11824 | D:11     | Noticed a green ugly thing
 11824 | D:11     | Noticed a purple ugly thing
 11843 | D:11     | Killed a green ugly thing
 11852 | D:11     | Killed a purple ugly thing
 11857 | D:11     | Noticed a centaur warrior
 11862 | D:11     | Noticed a tengu warrior
 11866 | D:11     | Killed a centaur warrior
 11867 | D:11     | Reached XP level 12. HP: 78/102 MP: 11/11
 11875 | D:11     | Killed a tengu warrior
 12158 | D:11     | Identified the Reference Book on Burning Hexes
 12201 | D:11     | Noticed a boulder beetle
 12222 | D:11     | Killed a boulder beetle
 12223 | D:11     | Reached skill level 5 in Dodging
 12354 | D:11     | Killed a storm dragon
 12355 | D:11     | Reached skill level 9 in Fighting
 13014 | D:11     | Noticed an ogre mage
 13028 | D:11     | Killed an ogre mage
 13671 | D:6      | Bought a potion of heal wounds for 70 gold pieces
 13671 | D:6      | Bought a potion of might for 56 gold pieces
 13742 | D:4      | Bought an amulet of regeneration for 300 gold pieces
 13938 | Lair:1   | Entered Level 1 of the Lair of Beasts
 13966 | Lair:1   | Received a gift from Trog
 14039 | Lair:1   | Reached skill level 10 in Fighting
 14237 | Lair:1   | Noticed an eight-headed hydra
 14245 | Lair:1   | Killed an eight-headed hydra
 14937 | D:6      | Bought a potion of brilliance for 56 gold pieces
 15247 | Lair:2   | Reached skill level 10 in Dodging
 15513 | Lair:2   | Reached XP level 13. HP: 111/113 MP: 12/12
 16315 | Lair:3   | Noticed Prince Ribbit
 16323 | Lair:3   | Killed Prince Ribbit
 16345 | Lair:3   | Found a staircase to the Swamp.
 16614 | Lair:3   | Found a hole to the Spider Nest.
 17528 | Lair:4   | Got a smoking iron ring
 17663 | Lair:4   | Noticed Josephine
 17684 | Lair:4   | Killed Josephine
 17685 | Lair:4   | Reached skill level 10 in Shields
 18236 | Lair:5   | Identified the ring of Sor Sah {*Corrode +Blink rElec rPois
                  | Will+} (You found it on level 4 of the Lair of Beasts)
 18488 | Lair:5   | Reached skill level 11 in Fighting
 18625 | Lair:5   | Noticed Snorg
 18641 | Lair:5   | Killed Snorg
 18642 | Lair:5   | Reached XP level 14. HP: 114/124 MP: 13/13
 18681 | Lair:5   | Found the +7 lajatang of Order {silver, rMut}
 18993 | Lair:6   | Entered Level 6 of the Lair of Beasts
 19158 | Lair:6   | Reached skill level 12 in Fighting
 19316 | Lair:6   | Received a gift from Trog
 19319 | Lair:6   | Got a pitted broad axe {god gift}
 19330 | Lair:6   | Identified the +10 broad axe of Absolution {vorpal, rPois}
                  | (Trog gifted it to you on level 6 of the Lair of Beasts)
 19922 | Lair:6   | Found a staircase to the Slime Pits.
 20499 | Lair:6   | Got a shimmering plate armour
 20510 | Lair:6   | Identified the +1 plate armour of Ykkeargho {rC+ Dex+2}
                  | (You found it on level 6 of the Lair of Beasts)
 20663 | Lair:2   | Noticed Sonja
 20814 | Lair:2   | Killed Sonja
 20982 | D:6      | Bought a potion of might for 56 gold pieces
 20982 | D:6      | Bought a potion of might for 56 gold pieces
 20982 | D:6      | Bought a potion of ambrosia for 112 gold pieces
 22028 | D:13     | Reached ****** piety under Trog
 22032 | D:13     | Received a gift from Trog
 22034 | D:13     | Gained mutation: You are dopey. (Int -2) [a neqoxec]
 22478 | D:13     | Reached XP level 15. HP: 132/132 MP: 14/14
 22739 | D:13     | Got a smelly plate armour
 22750 | D:13     | Identified the +9 plate armour of Trumpets {*Drain rN++
                  | Will+ Int+4} (You found it on level 13 of the Dungeon)
 23001 | D:14     | Received a gift from Trog
 23076 | D:14     | Found a gate to the Vaults.
 23302 | D:14     | Found Mail's General Store.
 23307 | D:14     | Bought a +0 pair of gloves for 54 gold pieces
 23307 | D:14     | Bought a scroll of enchant armour for 90 gold pieces
 23307 | D:14     | Bought a scroll of teleportation for 36 gold pieces
 23457 | D:14     | Noticed Rupert
 23472 | D:14     | Killed Rupert
 23906 | Orc:1    | Entered Level 1 of the Orcish Mines
 24189 | Orc:1    | Found a roughly hewn altar of Beogh.
 25228 | Orc:2    | Entered Level 2 of the Orcish Mines
 25228 | Orc:2    | Found a staircase to the Elven Halls.
 25228 | Orc:2    | Noticed Urug
 25245 | Orc:2    | Killed Urug
 25254 | Orc:2    | Received a gift from Trog
 25324 | Orc:2    | Found a gate leading to a gauntlet.
 25336 | Orc:2    | Noticed Jorgrun
 25350 | Orc:2    | Killed Jorgrun
 25373 | Gauntlet | Entered a Gauntlet
 25373 | Gauntlet | Found a transporter.
 25458 | Gauntlet | Found a transporter.
 25460 | Gauntlet | Found a transporter.
 25461 | Gauntlet | Found a transporter.
 25472 | Gauntlet | Found a transporter.
 25472 | Gauntlet | Found a transporter.
 25473 | Gauntlet | Found a transporter.
 25477 | Gauntlet | Found a runed translucent door.
 25481 | Gauntlet | Found a transporter.
 25484 | Gauntlet | Found a transporter.
 25485 | Gauntlet | Found a transporter.
 25497 | Gauntlet | Found a transporter.
 25498 | Gauntlet | Found a transporter.
 25502 | Gauntlet | Found a transporter.
 25506 | Gauntlet | Found a transporter.
 25546 | Gauntlet | Found a runed translucent door.
 25802 | Gauntlet | Reached XP level 16. HP: 139/139 MP: 15/15
 25824 | Gauntlet | Identified the +6 plate armour of Action {Dex+6 Slay-6}
 26285 | Orc:1    | Received a gift from Trog
 26941 | Orc:2    | Found a burning altar of Makhleb.
 27091 | Orc:2    | Found Leheahoi's Antique Armour Boutique.
 27091 | Orc:2    | Found Ucranasa's Antique Weapon Shop.
 27096 | Orc:2    | Found Bawapn's General Store.
 27096 | Orc:2    | Found Zyem Ubu's Jewellery Boutique.
 27101 | Orc:2    | Bought a potion of curing for 42 gold pieces
 27101 | Orc:2    | Bought a scroll of teleportation for 42 gold pieces
 27101 | Orc:2    | Bought a potion of curing for 42 gold pieces
 27112 | Orc:2    | Bought a glowing cloak for 232 gold pieces
 27480 | Spider:1 | Entered Level 1 of the Spider Nest
 27592 | Spider:1 | Reached skill level 15 in Shields
 27739 | Spider:1 | Reached skill level 13 in Fighting
 28058 | Spider:1 | Received a gift from Trog
 28060 | Spider:1 | Reached skill level 14 in Fighting
 28657 | Spider:2 | Found a one-way gate to the infinite horrors of the Abyss.
 28657 | Spider:2 | Noticed Haagol's ghost (journeyman DsFi)
 28682 | Spider:2 | Found a transporter.
 28697 | Spider:2 | Noticed a tentacled starspawn
 28701 | Spider:2 | Reached skill level 15 in Fighting
 28758 | Spider:2 | Found a transporter.
 28874 | Spider:2 | You fall into a shaft and drop 1 floor!
 29110 | Spider:2 | Found a transporter.
 29118 | Spider:2 | Found a transporter.
 29352 | Spider:2 | Acquired the +4 kite shield of Ymaobbei {rC+ rCorr}
 30209 | Spider:4 | Entered Level 4 of the Spider Nest
 30231 | Spider:4 | Reached XP level 17. HP: 156/156 MP: 16/16
 30585 | Spider:4 | Reached skill level 15 in Armour
 30587 | Spider:4 | Received a gift from Trog
 31585 | Spider:4 | Reached skill level 10 in Evocations
 31591 | Spider:4 | Received a gift from Trog
 31682 | Spider:4 | Got a gossamer rune of Zot
 31935 | D:15     | Entered Level 15 of the Dungeon
 31935 | D:15     | Found Uxkunyx's General Store.
 31938 | D:15     | Bought a potion of heal wounds for 85 gold pieces
 32386 | D:15     | Found a staircase to the Depths.
 32484 | D:15     | Noticed Kirke
 32566 | D:15     | Killed Kirke
 32708 | D:15     | Reached XP level 18. HP: 160/163 MP: 17/17
 33233 | Swamp:1  | Entered Level 1 of the Swamp
 33239 | Swamp:1  | Reached skill level 15 in Dodging
 33403 | Swamp:1  | Received a gift from Trog
 33407 | Swamp:1  | Identified the +11 hand axe of Taxation {vorpal, Str+4
                  | Int+2 Stlth-} (Trog gifted it to you on level 1 of the
                  | Swamp)
 33907 | Swamp:1  | Noticed Roxanne
 33922 | Swamp:1  | Killed Roxanne
 34481 | Swamp:2  | You fall into a shaft and drop 1 floor!
 34806 | Swamp:2  | Reached skill level 16 in Fighting
 34854 | Swamp:2  | HP: 8/166 [eight-headed hydra[a spriggan druid] (18)]
 36592 | Swamp:3  | Noticed a tentacled monstrosity
 36599 | Swamp:3  | Killed a tentacled monstrosity
 36843 | Swamp:3  | Noticed a tentacled monstrosity
 36850 | Swamp:3  | Killed a tentacled monstrosity
 36857 | Swamp:3  | Reached skill level 17 in Fighting
 36865 | Swamp:3  | Received a gift from Trog
 37325 | Swamp:4  | Entered Level 4 of the Swamp
 38506 | Swamp:4  | Got a decaying rune of Zot
 38746 | Vaults:1 | Entered Level 1 of the Vaults
 38815 | Vaults:1 | Reached skill level 18 in Fighting
 38822 | Vaults:1 | Reached XP level 19. HP: 158/179 MP: 18/18
 38913 | Vaults:1 | Received a gift from Trog
 38923 | Vaults:1 | Identified the +5 broad axe of Valiance {vorpal, rF+} (Trog
                  | gifted it to you on level 1 of the Vaults)
 39044 | Vaults:1 | Found a roughly hewn altar of Beogh.
 39397 | Vaults:1 | Found Duzeffela's Assorted Antiques.
 39404 | Vaults:1 | Bought a potion of flight for 69 gold pieces
 39404 | Vaults:1 | Bought a scroll of identify for 46 gold pieces
 39404 | Vaults:1 | Bought 2 potions of curing for 138 gold pieces
 40553 | Vaults:2 | Received a gift from Trog
 40745 | Vaults:2 | Found a staircase to the Crypt.
 41065 | Vaults:2 | Found Myrhueq's Weapon Emporium.
 41072 | Vaults:2 | Found Posela's Antique Armour Emporium.
 41098 | Vaults:2 | Received a gift from Trog
 41122 | Vaults:2 | Bought a pair of embroidered gloves for 307 gold pieces
 41475 | Vaults:2 | Found Yplih's Antique Armour Shop.
 41483 | Vaults:2 | Bought a pair of polished gloves for 313 gold pieces
 41483 | Vaults:2 | Bought a pair of runed gloves for 247 gold pieces
 41506 | Vaults:2 | Identified the +1 pair of gloves "Tota" {+Inv Dex+4} (You
                  | bought it in a shop on level 2 of the Vaults)
 41515 | Vaults:2 | Found a runed translucent gate.
 41516 | Vaults:2 | Found a runed translucent gate.
 41516 | Vaults:2 | Found a runed translucent gate.
 41518 | Vaults:2 | Noticed Qeott's ghost (adept GnCj)
 42019 | Vaults:2 | Found Tynu's Weapon Emporium.
 42239 | Vaults:2 | Reached XP level 20. HP: 187/187 MP: 19/19
 42264 | Vaults:2 | Killed Qeott's ghost
 42551 | Vaults:3 | Found a sparkling altar of Nemelex Xobeh.
 42708 | Vaults:3 | Received a gift from Trog
 43035 | Vaults:3 | Reached skill level 15 in Evocations
 43568 | Vaults:3 | Cast into level 2 of the Abyss (a deep elf sorcerer)
 43752 | Abyss:2  | Received a gift from Trog
 43935 | Vaults:3 | Escaped the Abyss
 44344 | Vaults:3 | Found Buicigre's Magic Scroll Boutique.
 44349 | Vaults:3 | Bought a scroll of enchant weapon for 97 gold pieces
 44349 | Vaults:3 | Bought a scroll of identify for 26 gold pieces
 44349 | Vaults:3 | Bought a scroll of teleportation for 39 gold pieces
 44349 | Vaults:3 | Bought a scroll of identify for 26 gold pieces
 44349 | Vaults:3 | Bought a scroll of identify for 26 gold pieces
 44349 | Vaults:3 | Bought a scroll of enchant weapon for 97 gold pieces
 44349 | Vaults:3 | Bought a scroll of identify for 26 gold pieces
 44349 | Vaults:3 | Bought a scroll of identify for 26 gold pieces
 44349 | Vaults:3 | Bought a scroll of teleportation for 39 gold pieces
 44556 | Vaults:3 | Noticed Aizul
 44571 | Vaults:3 | Killed Aizul
 44967 | Vaults:4 | Received a gift from Trog
 45437 | Vaults:4 | Received a gift from Trog
 45447 | Vaults:4 | Reached XP level 21. HP: 195/195 MP: 20/20
 45578 | Vaults:4 | Reached skill level 19 in Fighting
 45615 | Vaults:4 | Identified the +8 hand axe of Asujiuq {vorpal, +Blink rC+
                  | Dex-5 Stlth+} (You found it on level 4 of the Vaults)
 46152 | Depths:1 | Entered Level 1 of the Depths
 46189 | Depths:1 | Found a gateway to Hell.
 46270 | Depths:1 | Noticed Nikola
 46282 | Depths:1 | Killed Nikola
 46563 | Depths:1 | Reached skill level 20 in Fighting
 47046 | Depths:2 | Found a gateway to a ziggurat.
 47063 | Depths:2 | Paralysed by a floating eye for 3 turns
 47067 | Depths:2 | Received a gift from Trog
 47079 | Depths:2 | Gained mutation: You are clumsy. (Dex -2) [a shining eye]
 47735 | Depths:2 | Received a gift from Trog
 47781 | Depths:2 | Found Reggas's General Store.
 47789 | Depths:2 | Bought a potion of flight for 57 gold pieces
 48175 | Depths:2 | Reached XP level 22. HP: 209/209 MP: 21/21
 48614 | Depths:3 | Found a one-way gate leading to the halls of Pandemonium.
 49053 | Depths:3 | Noticed the Enchantress
 49077 | Depths:3 | Killed the Enchantress
 49336 | Depths:3 | Found Atradow's Book Shop.
 49460 | Depths:3 | Acquired a +5 war axe of flaming
 49594 | Depths:4 | Received a gift from Trog
 49679 | Depths:4 | Noticed a golden dragon
 49689 | Depths:4 | Noticed a juggernaut
 49702 | Depths:4 | Killed a juggernaut
 49714 | Depths:4 | Noticed Mennas
 49774 | Depths:4 | Killed Mennas
 50093 | Depths:4 | Received a gift from Trog
 50408 | Depths:4 | Noticed a golden dragon
 50429 | Depths:4 | Killed a golden dragon
 50430 | Depths:4 | Killed a golden dragon
 50435 | Depths:4 | Reached XP level 23. HP: 103/218 MP: 22/22
 50734 | Depths:4 | Noticed Xtahua
 50741 | Depths:4 | Killed Xtahua
 50742 | Depths:4 | Reached skill level 21 in Fighting
 50919 | Depths:4 | Received a gift from Trog
 51236 | Depths:4 | Noticed a caustic shrike
 51249 | Depths:4 | Killed a caustic shrike
 51321 | Depths:4 | Reached skill level 22 in Fighting
 51475 | Depths:4 | Received a gift from Trog
 51767 | Depths:5 | Entered Level 5 of the Depths
 51965 | Depths:5 | Reached skill level 23 in Fighting
 52103 | Depths:5 | Noticed a caustic shrike
 52103 | Depths:5 | Noticed a caustic shrike
 52103 | Depths:5 | Noticed a caustic shrike
 52115 | Depths:5 | Killed a caustic shrike
 52117 | Depths:5 | Killed a caustic shrike
 52122 | Depths:5 | Killed a caustic shrike
 52446 | Depths:5 | Reached skill level 24 in Fighting
 52450 | Depths:5 | Found a viscous altar of Jiyva.
 52566 | Depths:5 | Received a gift from Trog
 53021 | Depths:5 | Reached XP level 24. HP: 238/238 MP: 22/22
 53278 | Depths:5 | Found a gate to the Realm of Zot.
 53650 | Elf:1    | Entered Level 1 of the Elven Halls
 53676 | Elf:1    | Found a ruined gateway.
 53788 | Desolati | Entered the Desolation of Salt
 53859 | Desolati | Received a gift from Trog
 54470 | Desolati | Received a gift from Trog
 54525 | Desolati | Identified the ring of Guvoexka {+Fly Dex+6} (You found it
                  | in the Desolation of Salt)
 54960 | Elf:1    | Found Cydacaca's Jewellery Emporium.
 54963 | Elf:1    | Found Gewnaimu's Weapon Shoppe.
 54963 | Elf:1    | Found Woofeng's Jewellery Emporium.
 54968 | Elf:1    | Found Jutic's Antique Weapon Shoppe.
 55064 | Elf:1    | Noticed Frances
 55075 | Elf:1    | Killed Frances
 55461 | Elf:2    | Found a runed translucent gate.
 55463 | Elf:2    | Found a runed translucent gate.
 55469 | Elf:2    | Found a runed translucent gate.
 55824 | Elf:2    | Received a gift from Trog
 56124 | Elf:2    | Reached skill level 25 in Fighting
 56286 | Elf:3    | Entered Level 3 of the Elven Halls
 56590 | Elf:3    | Found Seupo's Distillery.
 56599 | Elf:3    | Bought a potion of invisibility for 128 gold pieces
 56599 | Elf:3    | Bought a potion of might for 64 gold pieces
 56599 | Elf:3    | Bought a potion of invisibility for 128 gold pieces
 56599 | Elf:3    | Bought a potion of heal wounds for 80 gold pieces
 56599 | Elf:3    | Bought a potion of curing for 48 gold pieces
 56599 | Elf:3    | Bought a potion of heal wounds for 80 gold pieces
 56599 | Elf:3    | Bought a potion of invisibility for 128 gold pieces
 56599 | Elf:3    | Bought a potion of curing for 48 gold pieces
 56599 | Elf:3    | Bought a potion of curing for 48 gold pieces
 56599 | Elf:3    | Bought a potion of mutation for 128 gold pieces
 56748 | Elf:3    | Received a gift from Trog
 56749 | Elf:3    | Found the +14 obsidian axe {vorpal, *Drain +Fly SInv}
 56864 | Elf:3    | Identified the ring "Gofeasch" {Wiz rPois rF+ Dex+2}
 56943 | Elf:1    | Bought a ring of willpower for 325 gold pieces
 57455 | Elf:3    | Found a shimmering blue altar of Sif Muna.
 57566 | Elf:3    | Found Siwkiosm's Book Boutique.
 57569 | Elf:3    | Found Liheim's Jewellery Emporium.
 57570 | Elf:3    | Found Soergh's Book Boutique.
 57722 | Elf:3    | Identified the +4 broad axe "Nizikhluf" {protect, MP+9
                  | Dex+3}
 57722 | Elf:3    | Identified the ring of Posam {Wiz Int+4}
 57738 | Elf:3    | Reached XP level 25. HP: 212/250 MP: 22/22
 57760 | Elf:3    | Identified the +7 war axe "Hydraslayer" {elec, Int+3}
 57995 | Elf:3    | Received a gift from Trog
 58067 | Elf:3    | Identified Egyulog's Compendium of the Nocuous Snowflakes
 58594 | Crypt:1  | Entered Level 1 of the Crypt
 59425 | Crypt:2  | Noticed Saint Roka
 59444 | Crypt:2  | Killed Saint Roka
 59468 | Crypt:2  | Received a gift from Trog
 59486 | Crypt:2  | Noticed Mara
 59492 | Crypt:2  | Noticed EldarEldrad's illusion
 59508 | Crypt:2  | Killed Mara
 59887 | Crypt:2  | Reached skill level 26 in Fighting
 59957 | Crypt:2  | Identified the +0 kite shield of Dauvopiung {Dex+4 Stlth+}
                  | (You found it on level 2 of the Crypt)
 60445 | Crypt:3  | Entered Level 3 of the Crypt
 60487 | Crypt:3  | Received a gift from Trog
 60765 | Crypt:3  | Noticed Sojobo
 60794 | Crypt:3  | Killed Sojobo
 60795 | Crypt:3  | Reached skill level 27 in Fighting
 61233 | Crypt:3  | Found a staircase to the Tomb.
 61309 | Crypt:3  | Noticed an ancient lich
 61354 | Crypt:3  | Killed an ancient lich
 61358 | Crypt:3  | Got a scintillating lead ring
 61372 | Crypt:3  | Identified the ring of Tunaab {rPois rC- rN+ Str+4} (You
                  | found it on level 3 of the Crypt)
 61377 | Crypt:3  | Got a translucent silver ring
 61378 | Crypt:3  | Identified the ring of Absolutism {rN+ Str+3} (You found it
                  | on level 3 of the Crypt)
 61379 | Crypt:3  | Identified the ring "Puggistri" {rPois rF- rC+++ rN+ Str-4}
                  | (You found it on level 3 of the Crypt)
 61476 | Tomb:1   | Entered Level 1 of the Tomb of the Ancients
 62133 | Tomb:1   | Received a gift from Trog
 62141 | Tomb:1   | Reached XP level 26. HP: 200/266 MP: 22/22
 62823 | Tomb:1   | Noticed a royal mummy
 62834 | Tomb:1   | HP: 12/266 [mummy priest/divine providence (12)]
 62834 | Tomb:1   | Killed from afar by a royal mummy

Illustrated notes

Levels and vault maps discovered:
D:1:      kennysheep_arrival_seaside, layout_loops_ring,
          nemelex_xobeh_ov_fountains_minmay
D:2:      layout_basic, nicolae_overflow_crystal_walls, hex_tiny,
          uniq_crazy_yiuf_cottage
D:3:      layout_loops_cross, chequers_temple_overflow_statue_of_worship,
          grunt_decor_mini_mirrors, kennysheep_cluttered_room, uniq_terence
D:4:      layout_basic, minmay_temple_entry_statues, serial_shops, shop,
          cheibrodos_ashenzari_chains, uniq_eustachio
D:5:      layout_rooms, old_standard_altar, chequers_temple_overflow_minitemple,
          serial_undead, serial_undead_c, serial_undead_f, serial_undead_b,
          serial_undead_c, serial_undead_a, uniq_blork_the_orc
D:6:      layout_rooms, serial_shops, shop
D:7:      layout_rooms, kennysheep_pointless_box, okawaru_trees_1
D:8:      layout_basic, serial_shops, shop, uniq_maggie
D:9:      layout_gridville, orc_0_dummy, nzn_ghost_randoct
D:10:     layout_loops_ring, uniq_fannar
D:11:     minmay_the_grid_square_5x5_4x4_mashed
          [minmay_the_grid_square_5x5_fancy_junction,
          minmay_the_grid_square_5x5_two_walls_a, minmay_the_grid_square_5x5_c,
          minmay_the_grid_square_5x5_eight,
          minmay_the_grid_square_5x5_pentomino_r,
          minmay_the_grid_square_5x5_prize_pseudospiral,
          minmay_the_grid_square_5x5_prize_waves,
          minmay_the_grid_square_5x5_dogpile, minmay_the_grid_square_5x5_v,
          minmay_the_grid_square_5x5_prize_snowflake,
          minmay_the_grid_square_5x5_prize_monsterx,
          minmay_the_grid_square_5x5_tie, minmay_the_grid_square_5x5_n,
          minmay_the_grid_square_5x5_shuriken,
          minmay_the_grid_square_5x5_spiral,
          minmay_the_grid_square_5x5_minivault], layout_layer_cave,
          due_lair_maze_entry_diamond
D:12:     layout_basic
D:13:     layout_rooms, ice2_lemuel
D:14:     layout_roguey, grunt_vaults_entry_tiered, serial_shops, shop_statue,
          serial_bayou_pond_c, uniq_rupert
D:15:     hangedman_depths_entry_try_elsewhere_first, layout_irregular_city,
          serial_bayou_pond_b, serial_shops, shop_fountains, chequers_big_river,
          uniq_kirke
Temple:   dpeg_chambers_temple
Lair:1:   layout_regular_city, grunt_forest_small_clearings,
          infiniplex_staircase_pool_2
Lair:2:   layout_layer_cave, infiniplex_staircase_pool, lemuel_fruit_tree,
          minmay_lair_oklob_chamber, grunt_megastairs_2, uniq_sonja
Lair:3:   layout_regular_city, swamp_mist, nicolae_spider_entry_tight_spaces,
          lightli_volcano_entry_magma_tube, chequers_serial_rivers_room_a,
          cheibrodos_lair_reptile_den, uniq_prince_ribbit2
Lair:4:   layout_small_grid, grunt_megastairs_3, uniq_josephine
Lair:5:   layout_loops_ring, uniq_snorg
Lair:6:   due_jungle_book, layout_regular_city, dpeg_slime_entry_corner
Swamp:1:  layout_falls_marsh, evilmike_swamp_ruin_rubble_1, uniq_roxanne
Swamp:2:  layout_basic_swamp, hangedman_swamp_cone, swamp_pool3,
          nicolae_swamp_round_clearing, grunt_witch_cave
Swamp:3:  nzn_winding_woodlands_small [nzn_winding_woodlands_5x15_garden,
          nzn_winding_woodlands_center_lodge,
          nzn_winding_woodlands_5x15_lazy_stream], layout_basic_swamp,
          hangedman_swamp_ruin_wall, swamp_pool3
Swamp:4:  swamp_alternative, layout_basic_swamp, swamp_pool4
Spider:1: nicolae_spider_mines_3, hangedman_spider_tarantella_strand
Spider:2: gammafunk_boulding_lane, gammafunk_ghost_abyssal_escape,
          spiders_nest_hornet_nest
Spider:3: layout_spider_delve, drop_trap
Spider:4: floodkiller_spider_rune_tomb
Orc:1:    giant_chief_lemuel, layout_diamond_mine, basic_altar, sword_in_stone
Orc:2:    st_orc_congregation, layout_caves, gauntlet_entry_generic,
          basic_altar, rock_pile, uniq_urug, uniq_jorgrun
Elf:1:    layout_gridlike, portal_desolation_entry_nicolae_nacl,
          minmay_elf_demonology, feat_on_display, minmay_shoptagon, uniq_frances
Elf:2:    layout_loops_ring
Elf:3:    minmay_elf_hall_spiked, layout_loops_corners, basic_altar,
          serial_shops, nicolae_shop_temple_entry_statues_fountains,
          serial_sigils_hangedman_confine, guppyfry_library_mini,
          minmay_shop_grove
Vaults:1: nicolae_vaults_ninety_degrees, nicolae_vaults_stairing_the_circle,
          grunt_vaults_swirl, ontoclasm_vaults_ligature, special_room_vaults
          [special_room_orc], nicolae_vaults_little_squares_1,
          ontoclasm_vaults_loading_screen, hangedman_vaults_cutoff,
          vaults_standard_mumra_lines, vaults_mumra_chevron_long,
          ontoclasm_vaults_twist, nicolae_vaults_mini_display_case,
          layout_vaults_big_cross, serial_shops, shop
Vaults:2: gammafunk_vaults_ghost_necromancy, nicolae_vaults_quartermaster,
          ontoclasm_vaults_shuriken, minmay_crypt_entry_nasty_monster,
          vaults_room_octagon, hangedman_vaults_river_flow, v_misc_4,
          ontoclasm_vaults_idyll, nicolae_vaults_sealed_display,
          nicolae_vaults_alarming, layout_vaults_big_room, serial_shops, shop,
          shop, shop, nicolae_shop_behind_doors
Vaults:3: hangedman_vaults_trim, nicolae_vaults_network_periphery,
          v_alt_pattern_6, nicolae_vaults_ring_of_whatevers,
          layout_vaults_omnigrid, basic_altar, serial_shops, shop_fountains,
          uniq_aizul
Vaults:4: hangedman_vaults_unwind, hangedman_vaults_pinch, v_misc_11, v_misc_1,
          v_misc_27, hangedman_vaults_capsules, nicolae_vaults_rhombus_5,
          ontoclasm_vaults_loading_screen, nicolae_vaults_little_squares_2,
          layout_vaults_ring
Crypt:1:  layout_regular_city, grunt_crypt_arrival_webbed
Crypt:2:  layout_rooms, grunt_megastairs_4, uniq_saint_roka, uniq_mara
Crypt:3:  david_glass_crypt, layout_gridlike, tomb_entry_forgotten_bobbens,
          uniq_sojobo, uniq_margery
Tomb:1
Depths:1: layout_roguey, hangedman_coc_ice_floe, kennysheep_cross_room,
          kennysheep_generic_room_12, uniq_nikola
Depths:2: minmay_skeleton_keep, layout_cave_shapes, enter_ziggurat_d,
          serial_shops, shop, special_room [special_room_morgue], hell_entry,
          serial_sigils, serial_sigils_hangedman_quiver,
          serial_sigils_hangedman_shear, serial_sigils_hangedman_etch,
          serial_sigils_hangedman_quiver, serial_sigils_hangedman_stare,
          serial_sigils_hangedman_leer, grunt_ministairs_8
Depths:3: grunt_forest_end_winery, layout_basic, pan_entry, minivault_14,
          hell_entry, serial_shops, shop_statue
Depths:4: box_level_dp, abyss_entry, pan_entry, hell_entry, uniq_enchantress,
          uniq_xtahua, uniq_mennas
Depths:5: evilmike_zot_entry_round, layout_basic, special_room
          [special_room_jelly], grunt_hell_entry_dis_grunt, pan_entry,
          grunt_megastairs_5

Skill      XL: |  1  2  3  4  5  6  7  8  9 10 11 12 13 14 15 16 17 18 19 20 21 22 23 24 25 |
---------------+----------------------------------------------------------------------------+-----
Axes           | 4 5 7 8 9 11 13 14 16 18 20 | 20.0
Fighting       | 5 6 8 10 11 12 15 18 20 24 25 27 | 27.0
Armour         | 3 9 12 13 15 17 18 20 22 | 22.9
Evocations     | 1 5 9 10 12 14 15 | 15.0
Shields        | 5 6 10 13 15 17 18 | 18.6
Dodging        | 3 10 12 14 15 18 20 21 22 | 22.0

Action                   |  1- 3 |  4- 6 |  7- 9 | 10-12 | 13-15 | 16-18 | 19-21 | 22-24 | 25-27 || total
-------------------------+-------+-------+-------+-------+-------+-------+-------+-------+-------++-------
Melee: Hand axe          |    65 |   183 |   167 |       |       |       |       |       |       ||   415
       Headbutt          |    10 |    34 |    69 |   111 |   240 |   355 |   402 |   385 |   162 ||  1768
       Broad axe         |       |     5 |       |   369 |  1060 |  1382 |  1515 |  1513 |   470 ||  6314
       War axe           |       |       |   203 |   179 |       |       |       |       |       ||   382
       Mace              |       |       |       |    11 |    20 |   125 |       |       |       ||   156
Throw: Dart              |       |       |       |     1 |     1 |    26 |       |       |       ||    28
Invok: Berserk           |     1 |     2 |     3 |    10 |     2 |     1 |     2 |     1 |       ||    22
       Trog's Hand       |       |     1 |     2 |     7 |    11 |     6 |     5 |     4 |     4 ||    40
       Brothers in Arms  |       |       |       |     1 |       |     2 |     1 |     1 |     1 ||     6
Evoke: Wand              |       |       |       |       |     2 |     2 |     8 |    14 |       ||    26
       Lightning rod     |       |       |       |       |       |       |     3 |       |       ||     3
  Use: Scroll            |       |       |     9 |     4 |     7 |     7 |    10 |    10 |     9 ||    56
       Potion            |       |       |       |       |     1 |     1 |       |     2 |     2 ||     6
 Stab: Paralysed         |       |       |       |       |     2 |       |       |       |       ||     2
       Distracted        |       |       |       |       |       |       |       |     2 |    12 ||    14
Armor: Leather armour    |    11 |       |       |       |       |       |       |       |       ||    11
       Animal skin       |     1 |       |       |       |       |       |       |       |       ||     1
       Ring mail         |     1 |    45 |    64 |       |       |       |       |       |       ||   110
       Swamp dragon scal |       |       |    34 |   212 |       |       |       |       |       ||   246
       Plate armour      |       |       |       |    10 |   319 |   724 |   379 |   452 |   108 ||  1992
Dodge: Dodged            |    31 |    64 |   177 |   206 |   295 |   501 |   374 |   545 |   157 ||  2350
Block: Buckler           |       |       |       |    79 |   384 |       |       |       |       ||   463
       Reflection        |       |       |       |       |    43 |    22 |    51 |    33 |    13 ||   162
       Kite shield       |       |       |       |       |    57 |  1316 |  1057 |  1134 |   383 ||  3947

Table legend: (Time is in decaauts)
 A = Elapsed time spent in this place.
 B = Non-inter-level travel time spent in this place.
 C = Inter-level travel time spent in this place.
 D = Time resting spent in this place.
 E = Time spent auto-exploring this place.
 F = Levels seen in this place.
 G = Mean time per level.
                   A        B        C        D        E       F      G
               +--------+--------+--------+--------+--------+-----+--------+
         Total |  61698 |  56775 |   4923 |   7896 |  33133 |  51 | 1209.8 |
       Dungeon |  18838 |  16412 |   2426 |   3025 |   9844 |  15 | 1255.9 |
        Temple |    231 |    209 |     22 |      0 |    208 |   1 |  231.0 |
          Lair |   6814 |   6236 |    578 |    251 |   4518 |   6 | 1135.7 |
         Swamp |   5600 |   5377 |    223 |   1409 |   2948 |   4 | 1400.0 |
   Spider Nest |   4239 |   3921 |    318 |    291 |   1955 |   4 | 1059.8 |
  Orcish Mines |   2873 |   2649 |    224 |    393 |   1525 |   2 | 1436.5 |
   Elven Halls |   3592 |   3279 |    313 |    191 |   2062 |   3 | 1197.3 |
        Vaults |   6766 |   6345 |    421 |    527 |   4138 |   4 | 1691.5 |
         Crypt |   2776 |   2706 |     70 |    570 |   1356 |   3 |  925.3 |
          Tomb |   1338 |   1296 |     42 |    566 |    333 |   1 | 1338.0 |
        Depths |   6875 |   6593 |    282 |    503 |   3674 |   5 | 1375.0 |
         Abyss |    368 |    368 |      0 |    105 |     40 |   1 |  368.0 |
    Desolation |    864 |    864 |      0 |      0 |    315 |   1 |  864.0 |
      Gauntlet |    517 |    517 |      0 |     63 |    215 |   1 |  517.0 |
               +--------+--------+--------+--------+--------+-----+--------+

Top non-repeatable levels by time:
    D:11: 3464 daAuts
    D:10: 2266 daAuts
Depths:4: 2192 daAuts
Vaults:2: 2020 daAuts
   Orc:1: 1809 daAuts
   Elf:3: 1803 daAuts
Vaults:1: 1770 daAuts
Vaults:3: 1767 daAuts
 Swamp:2: 1668 daAuts
 Swamp:3: 1647 daAuts
  Lair:6: 1575 daAuts
Spider:4: 1503 daAuts
Depths:5: 1472 daAuts
Depths:2: 1444 daAuts
  Tomb:1: 1338 daAuts
